cohdb
Replays
Latest Replays
All Replays
Popular Replays
Top Player Replays
Match Explorer
How It Works
Community
CoH3 Stats
Reddit
Sign in to upload your games and track your stats! →
Sign in with Steam
Match 42179615
Unlisted
Match 42179615
Overview
Messages
Build Orders
End
Panzergrenadier Squad
Panzergrenadier Squad
Selects Battlefield Espionage Battlegroup
Panzergrenadier Squad
Construct Light Support Kompanie
MG34 Team
Construct Mechanized Kompanie
2.5-tonne Medical Truck
Veteran Squad Leaders
Panzergrenadier Squad
Support Armor Elements
Panzerjäger Mechanized Group
StuG III D Assault Gun
18-tonne Recovery Half-track
Marder III Tank Destroyer
Selects Sector Subterfuge Beacon
Selects Plunder
Selects Firestorm
Selects 250/3 Funkpanzerwagen
Selects Anti-Tank Incendiary Munitions
Construct Panzerarmee Kommand
Combat Half-tracks
Pak 38 Mechanized Group
Firestorm
Walking Stuka Rocket Launcher
Emergency Repair Kits
Flak 36 Anti-tank Gun Team
2.5-tonne Medical Truck
Tungsten Core Ammunition
Armored Reserves
Tiger Heavy Tank
Selects Operation Skorpion
Panzer III L Medium Tank
Panzer III L Medium Tank
Vehicle Survival Package
n8mahr
Mercury
Staufer
Atomic Floyd
deadsadbadmad
Alessandro-9891
0
0
Comments
sign in to comment!
No comments posted yet!